 Dungeon Crawl Stone Soup version 0.31-a0-544-gceb718ecc6 (webtiles) character file.

Game seed: 16366356100814606467

21 spiderkeys the Ruffian (level 2, -1/18 HPs)
             Began as an Octopode Shapeshifter on Aug 15, 2023.
             Slain by a jackal (2 damage)
             ... on level 1 of the Dungeon.
             The game lasted 00:00:36 (393 turns).

spiderkeys the Ruffian (Octopode Shapeshifter)       Turns: 393, Time: 00:00:37

Health: -1/18      AC:  1    Str: 14    XL:     2   Next: 87%
Magic:  2/2        EV: 13    Int: 10    God:
Gold:   7          SH:  0    Dex: 12    Spells: 1/1 levels left

rFire   . .          .
                       - Unarmed
rCold   . . .        (no shield)
rNeg    . . .        (helmet currently unavailable)
rPois   .            (no amulet)
rElec   .            (no ring)
rCorr   .            (no ring)
SInv    .            (no ring)
Will    .....        (no ring)
Stlth   ++           (no ring)
HPRegen 0.23/turn    (no ring)
MPRegen 0.08/turn    (no ring)
                     (no ring)

%: no passive effects
@: beast-form
A: beast (slay +2), almost no armour, amphibious, 8 rings, camouflage 1,
gelatinous body 1, (nimble swimmer 1), tentacles
a: Begin Untransformation


You were on level 1 of the Dungeon.
You were a hulking beast.
You visited 1 branch of the dungeon, and saw 1 of its levels.

You collected 7 gold pieces.


Innate Abilities, Weirdness & Mutations

You are a hulking beast.
Your limbs bulge with bestial killing power. (Slay +2)
You cannot wear most types of armour.
You are amphibious.
You can wear up to eight rings at the same time.
Your skin changes colour to match your surroundings (Stealth+).
Your rubbery body absorbs attacks. (AC +1, EV +1)
((You are camouflaged when in or above water. (Stealth+)))
You have tentacles for arms and can constrict up to eight enemies at once.


   Skills:
 + Level 1.5 Fighting
 + Level 2.3 Dodging
 + Level 3.2 Unarmed Combat
 + Level 3.2 Shapeshifting


You had one spell level left.
You didn't know any spells.
Your spell library was empty.

Inventory:

Talismans
 b - a beast talisman (active)
 c - a flux talisman
Scrolls
 d - 2 scrolls of identify {@r1}
 e - a scroll of teleportation {@r4}
 g - a scroll of enchant armour {unknown}
Potions
 a - a potion of lignification {!q}
 f - a potion of brilliance {unknown}
 h - a potion of haste {unknown}
 i - a potion of curing {unknown}

Dungeon Overview and Level Annotations

Branches:
Dungeon (1/15) Zot: 5608

Altars:

......#...†.....#
#.
......#.........#
.. .....
#.........# ..
.... #.........#
.# #.........#..
#............
#####.###....
#########.## ....
......wh...# ...
......†h.$.# ..
...........#
...........#
.............
............#.
............# .
...........##


You could see a dart slug and a jackal.


Message History

😎 HP[+4]
Your hp is fully restored (18).
A goblin is nearby!
A goblin is nearby!
A goblin is nearby!
The goblin shouts!
You hear a shout!
A hobgoblin comes into view.
The goblin barely misses you.
You closely miss the goblin. You grab the goblin. You squeeze the goblin.
You kill the goblin!
Things that are here:
a +0 dagger; a goblin corpse A hobgoblin is nearby!
You tentacle-slap the hobgoblin. Your grab misses the hobgoblin.
Your squeeze misses the hobgoblin. The hobgoblin hits you. 😮 HP[-5]
You take 5 damage, and now have 13/18 hp.
MASSIVE DAMAGE!! (PAUSE)
You tentacle-slap the hobgoblin. You grab the hobgoblin.
You squeeze the hobgoblin.
You kill the hobgoblin!
An endoplasm comes into view. 😎 HP[+5]
Your hp is fully restored (18).
An endoplasm is nearby!
An endoplasm is nearby!
The helpless endoplasm fails to defend itself.
You tentacle-slap the endoplasm. You squeeze the endoplasm.
You kill the endoplasm!
No target in view!
No target in view!
A giant cockroach comes into view.
A giant cockroach is nearby!
A giant cockroach is nearby!
A giant cockroach is nearby!
The giant cockroach completely misses you.
You closely miss the giant cockroach. You grab the giant cockroach.
You constrict the giant cockroach, but do no damage.
The giant cockroach closely misses you.
You barely miss the giant cockroach.
You squeeze the giant cockroach, but do no damage.
You constrict the giant cockroach. The giant cockroach closely misses you.
The giant cockroach bites you. 😕 HP[-2]
You take 2 damage, and now have 16/18 hp.
You tentacle-slap the giant cockroach.
You kill the giant cockroach!
d - 2 scrolls of identify {@r1} (gained 1)
i - a fuming puce potion 😎 HP[+2]
Your hp is fully restored (18).
You now have 7 gold pieces. 3 jackals and a dart slug come into view.
The jackal barks!
There are monsters nearby!
The jackal barks!
The jackal closely misses you.
You barely miss the jackal. You grab the jackal. You constrict the jackal.
The jackal bites you but does no damage.
The jackal bites you. The jackal completely misses you.
The jackal closely misses you. 😕 HP[-1]
You take 1 damage, and now have 17/18 hp.
You tentacle-slap the jackal. You constrict the jackal.
You kill the jackal!
The jackal bites you. The jackal closely misses you.
The jackal barely misses you. 😕 HP[-1]
You take 1 damage, and now have 16/18 hp.
You miss the jackal. You grab the jackal. You squeeze the jackal.
You kill the jackal!
The jackal bites you. x2 😮 HP[-5]
You take 5 damage, and now have 11/18 hp.
MASSIVE DAMAGE!! (PAUSE)
You completely miss the jackal. Your grab misses the jackal.
The jackal closely misses you.
You tentacle-slap the dart slug. You grab the dart slug.
You constrict the dart slug. The jackal barely misses you.
The dart slug launches a dart at you. The slug dart hits you.
* * * LOW HITPOINT WARNING * * *
😨 HP[-4]
You take 4 damage, and now have 7/18 hp.
MASSIVE DAMAGE!! (PAUSE)
You closely miss the jackal. You grab the jackal. You squeeze the jackal.
You constrict the jackal.
You constrict the dart slug, but do no damage.
The jackal bites you.
* * * LOW HITPOINT WARNING * * *
The dart slug bites you.
* * * LOW HITPOINT WARNING * * *
😱 HP[-5]
You take 5 damage, and now have 2/18 hp.
MASSIVE DAMAGE!! (PAUSE)
You tentacle-slap the dart slug. You constrict the jackal.
You constrict the dart slug. The jackal bites you.
* * * LOW HITPOINT WARNING * * *
The jackal bites you.
You die...

Action                     || total
---------------------------++-------
  Melee: Unarmed           ||    35
         Constrict         ||    12
         Tentacles         ||    10
    Use: Scroll            ||     1
   Stab: Sleeping          ||     5
 Armour: Skin              ||     1
  Dodge: Dodged            ||    17

Levels and vault maps discovered:
D:1:      kennysheep_arrival_forest, layout_basic,
          ebering_ecumenical_altar_ruins

Notes
Turn   | Place    | Note
-------+----------+-------------------------------------------
     0 | D:1      | spiderkeys the Octopode Shapeshifter began the quest for
                  | the Orb.
     0 | D:1      | Reached XP level 1. HP: 13/13 MP: 1/1
     0 | D:1      | magus.rc [v1.11.6]
    56 | D:1      | Found a faded altar of an unknown god.
   167 | D:1      | Reached XP level 2. HP: 13/18 MP: 2/2
   392 | D:1      | HP: 2/18 [dart slug (3)]
   393 | D:1      | Slain by a jackal

Vanquished Creatures
  An endoplasm (D:1)
  3 giant cockroaches (D:1)
  4 hobgoblins (D:1)
  2 jackals (D:1)
  A quokka (D:1)
  A ball python (D:1)
  3 goblins (D:1)
  3 rats (D:1)
18 creatures vanquished.

Table legend:
 A = Non-vault XP
 B = Vault XP
 C = Vault XP percentage of total XP
 D = Non-vault monster count
 E = Vault monster count
 F = Vault count percentage of total count
                 A         B        C        D         E       F
            +---------+---------+-------+---------+---------+-------
      Total |      31 |       0 |   0.0 |      18 |       0 |   0.0
            +---------+---------+-------+---------+---------+-------
        D:1 |      31 |       0 |   0.0 |      18 |       0 |   0.0
            +---------+---------+-------+---------+---------+-------

Action                     || total
---------------------------++-------
  Melee: Unarmed           ||    35
         Constrict         ||    12
         Tentacles         ||    10
    Use: Scroll            ||     1
   Stab: Sleeping          ||     5
 Armour: Skin              ||     1
  Dodge: Dodged            ||    17

Illustrated notes

Table legend:
 A = Kills in this place as a percentage of kills in the entire game.
 B = Kills by you in this place as a percentage of kills by you in the entire game.
 C = Kills by friends in this place as a percentage of kills by friends in the entire game.
 D = Other kills in this place as a percentage of other kills in the entire game.
 E = Experience gained in this place as a percentage of experience gained in the entire game.
 F = Experience gained in this place divided by the number of levels of this place that you have seen.
                   A       B       C       D       E      F
               +-------+-------+-------+-------+-------+----------------------
         Total | 100.0 | 100.0 |   N/A |   N/A | 100.0 |  31.0
       Dungeon | 100.0 | 100.0 |   N/A |   N/A | 100.0 |  31.0
               +-------+-------+-------+-------+-------+----------------------

Table legend: (Time is in decaauts)
 A = Elapsed time spent in this place.
 B = Non-inter-level travel time spent in this place.
 C = Inter-level travel time spent in this place.
 D = Time resting spent in this place.
 E = Time spent auto-exploring this place.
 F = Levels seen in this place.
 G = Mean time per level.
                   A        B        C        D        E       F      G
               +--------+--------+--------+--------+--------+-----+--------+
         Total |    391 |    391 |      0 |      0 |    295 |   1 |  391.0 |
       Dungeon |    391 |    391 |      0 |      0 |    295 |   1 |  391.0 |
               +--------+--------+--------+--------+--------+-----+--------+

Top non-repeatable levels by time:
     D:1: 391 daAuts
